Punishers vs Sewer Rats
Created - December 5, 2020 at 20:07
Goals
|
| Punishers |
2 |
2 |
0 |
4 |
| Sewer Rats |
0 |
2 |
0 |
2 |
|
Shots
|
| Punishers |
10 |
21 |
5 |
36 |
| Sewer Rats |
11 |
14 |
12 |
37 |
|
1st period
1. Punishers , Ben Betker 1 (Radek Faksa 22, Miikka Salomaki 23) at 4:35 (PP)
2. Punishers , Radek Faksa 11 (Miikka Salomaki 24) at 12:24 (PP)
Penalties :
Jarred Tinordi (Tol) for Interference (Minor) at 3:13, Nikita Gusev (Pro) for Tripping (Minor) at 4:46, Stefan Elliott (Tol) for Tripping (Minor) at 12:23, Joseph Blandisi (Tol) for Holding (Minor) at 15:06
2nd period
3. Sewer Rats , Joseph Blandisi 10 (Vincent Trocheck 10, Mark Mancari 12) at 3:06
4. Sewer Rats , Joseph Blandisi 11 (Mark Mancari 13, Vincent Trocheck 11) at 3:57
5. Punishers , Nikita Gusev 3 (Ben Betker 5, Mattias Tedenby 13) at 8:40 (PP)
6. Punishers , John Quenneville 1 (Carter Ashton 3, Fredrik Claesson 8) at 13:27
Penalties :
Jarred Tinordi (Tol) for Slashing (Minor) at 7:20, Ryan Murphy (Tol) for Hooking (Minor) at 9:19
3rd period
No Goal
Penalties :
Jarred Tinordi (Tol) for Elbowing (Minor) at 0:34, Vincent Trocheck (Tol) for Interference (Minor) at 7:39, Xavier Ouellet (Tol) for Boarding (Minor) at 19:00
Goalie Stats
Daniel Altshuller (Pro), 35 saves from 37 shots - (0.946), W, 2-3-0, 60:00 minutes
Darcy Kuemper (Tol), 32 saves from 36 shots - (0.889), L, 4-2-0, 60:00 minutes
Players Stats for Punishers
Player Name G A P +/- PIM S H SB GA TA FO MP PP MP PK MP
------------------------------------------------------------------------------------
Adam Pelech 0 0 0 -1 0 1 1 3 1 0 0/0 25:55 6:16 0:56
Alex Schoenborn 0 0 0 0 0 0 0 0 0 0 0/0 0:00 0:00 0:00
Anton Blidh 0 0 0 0 0 2 0 0 0 0 0/0 8:50 0:00 0:00
Austen Brassard 0 0 0 0 0 2 0 0 1 0 0/0 8:50 0:00 0:00
Austin Wagner 0 0 0 0 0 0 0 0 0 0 0/0 0:00 0:00 0:00
Ben Betker 1 1 2 -1 0 1 1 2 0 0 0/0 20:09 5:22 1:03
Brett Kulak 0 0 0 -1 0 1 2 0 1 2 0/0 20:09 5:22 1:03
Carter Ashton 0 1 1 1 0 1 0 0 0 1 0/0 10:46 0:00 0:00
Connor Clifton 0 0 0 1 0 0 0 0 0 0 0/0 5:07 0:00 0:00
Daniel Audette 0 0 0 0 0 1 0 1 0 0 1/2 8:50 0:00 0:00
Elias Lindholm 0 0 0 0 0 0 0 1 0 0 8/10 17:37 4:53 0:43
Fredrik Claesson 0 1 1 0 0 2 1 2 0 0 0/0 8:49 0:00 0:00
Gabriel Gagne 0 0 0 0 0 0 0 0 0 0 0/0 0:00 0:00 0:00
John Quenneville 1 0 1 1 0 2 3 0 1 1 3/3 10:46 0:00 0:00
Joseph Cramarossa 0 0 0 1 0 0 0 0 1 1 0/0 11:02 0:00 0:14
Madison Bowey 0 0 0 -1 0 0 0 2 0 1 0/0 25:55 6:16 0:56
Mattias Tedenby 0 1 1 0 0 1 2 0 4 0 0/1 17:56 4:53 1:02
Michael Joly 0 0 0 0 0 0 0 0 0 0 0/0 0:04 0:02 0:00
Miikka Salomaki 0 2 2 -2 0 8 2 3 3 0 2/5 22:22 6:45 0:53
Nicolas Roy 0 0 0 0 0 0 0 0 0 0 0/0 0:25 0:00 0:23
Nikita Gusev 1 0 1 0 2 6 2 0 1 0 0/0 16:55 4:53 0:00
Niko Mikkola 0 0 0 1 0 0 0 0 0 0 0/0 5:07 0:00 0:00
Noah Juulsen 0 0 0 0 0 0 0 1 0 0 0/0 8:49 0:00 0:00
Radek Faksa 1 1 2 -2 0 6 3 0 0 0 19/41 22:12 6:45 0:43
Tyler Bertuzzi 0 0 0 -2 0 2 1 1 0 0 0/2 21:25 6:43 0:00
Players Stats for Sewer Rats
Player Name G A P +/- PIM S H SB GA TA FO MP PP MP PK MP
------------------------------------------------------------------------------------
Anthony Duclair 0 0 0 0 0 4 1 0 1 0 0/0 12:23 0:51 0:00
Connor Carrick 0 0 0 0 0 1 0 0 0 0 0/0 8:58 0:00 0:06
Dmitrij Jaskin 0 0 0 -1 0 1 0 0 1 0 0/0 10:35 0:00 0:00
Dominik Kubalik 0 0 0 0 0 2 0 0 0 0 0/0 8:39 0:00 1:40
Drake Caggiula 0 0 0 -1 0 1 0 0 1 0 0/3 11:36 0:00 1:01
Erik Condra 0 0 0 0 0 2 3 0 0 2 0/1 17:53 0:51 3:03
Jared McCann 0 0 0 0 0 0 0 0 0 0 0/0 0:18 0:00 0:00
Jarred Tinordi 0 0 0 -1 6 2 2 2 1 2 0/0 23:10 1:09 4:55
John Ramage 0 0 0 2 0 1 1 0 0 0 0/0 17:43 0:50 3:08
Jonathan Marchessault 0 0 0 0 0 1 1 0 0 0 3/9 17:53 0:51 3:03
Jonathan Racine 0 0 0 0 0 0 0 0 0 0 0/0 6:59 0:00 0:00
Joseph Blandisi 2 0 2 2 2 4 0 1 0 0 2/3 18:23 1:08 0:00
Mark Mancari 0 2 2 2 0 6 4 3 0 0 1/2 22:44 1:08 6:46
Michael Dal Colle 0 0 0 -1 0 2 0 0 0 0 0/0 10:35 0:00 0:00
Nick Cousins 0 0 0 0 0 4 1 1 0 0 0/2 9:02 0:00 2:03
Ryan Murphy 0 0 0 2 2 0 0 2 1 0 0/0 16:58 0:50 2:23
Stefan Elliott 0 0 0 -1 2 2 2 3 1 2 0/0 26:18 1:09 8:23
Thomas Chabot 0 0 0 0 0 0 0 0 0 3 0/0 12:42 0:00 3:50
Vincent Trocheck 0 2 2 2 2 4 2 1 0 4 24/42 22:31 1:08 5:40
Xavier Ouellet 0 0 0 0 2 0 0 1 0 0 0/0 7:29 0:00 0:31
Zach Aston-Reese 0 0 0 0 0 0 0 0 0 0 1/2 5:25 0:00 0:00
3 Stars
1 - Mark Mancari (Tol)
2 - Joseph Blandisi (Tol)
3 - Daniel Altshuller (Pro)
Power Play
Punishers - 3 on 8 Attempt(s) - 37.50%
Sewer Rats - 0 on 1 Attempt(s) - 0.00%
Penalty Kill
Punishers - 1 on 1 Attempt(s) - 100.00%
- Score 0 goal in Penalty Kill
Sewer Rats - 5 on 8 Attempt(s) - 62.50%
- Score 0 goal in Penalty Kill
Team Stat
Punishers - Hits : 18 - Faceoff Wins : 33 - Blocked Shots : 16 - Penalty Minutes : 2
Sewer Rats - Hits : 17 - Faceoff Wins : 31 - Blocked Shots : 14 - Penalty Minutes : 16
Official
Referees : Unknown
Linesman : Unknown
Game Notes
6:53 of 3rd period - Sewer Rats goal is going for a video replay. After video review, No Goal. The referee deems the play has been stopped, even if he had not physically had the opportunity to stop play by blowing his whistle.
Finance
Level 1 -- Attendance: 1675 (83.75%) -- Ticket Income $58,625
Level 2 -- Attendance: 960 (96.00%) -- Ticket Income $16,320
Total Attendance: 2635 (87.83%)
Total Ticket Income: $74,945
Other Income: $3,747
Total Income: $78,692
Punishers
5 vs 5 Forward
Center Left Wing Right Wing Time % Phy DF OF
1 Radek Faksa Tyler Bertuzzi Miikka Salomaki 40 1 2 2
2 Elias Lindholm Nikita Gusev Mattias Tedenby 30 1 2 2
3 John Quenneville Joseph Cramarossa Carter Ashton 20 1 2 2
4 Daniel Audette Anton Blidh Austen Brassard 10 1 2 2
5 vs 5 Defense
Defense Defense Time % Phy DF OF
1 Madison Bowey Adam Pelech 40 1 2 2
2 Brett Kulak Ben Betker 30 1 2 2
3 Fredrik Claesson Noah Juulsen 20 1 2 2
4 Connor Clifton Niko Mikkola 10 1 2 2
PowerPlay Forward
Center Left Wing Right Wing Time % Phy DF OF
1 Radek Faksa Tyler Bertuzzi Miikka Salomaki 60 1 2 2
2 Elias Lindholm Nikita Gusev Mattias Tedenby 40 1 2 2
PowerPlay Defense
Defense Defense Time % Phy DF OF
1 Madison Bowey Adam Pelech 60 1 2 2
2 Brett Kulak Ben Betker 40 1 2 2
Penalty Kill 4 Players Forward
Center Wing Time % Phy DF OF
1 Miikka Salomaki Mattias Tedenby 60 1 2 2
2 Radek Faksa Elias Lindholm 40 1 2 2
Penalty Kill 4 Players Defense
Defense Defense Time % Phy DF OF
1 Madison Bowey Adam Pelech 60 1 2 2
2 Brett Kulak Ben Betker 40 1 2 2
Penalty Kill - 3 Players Forward
Forward Time % Phy DF OF
1 Miikka Salomaki 60 1 2 2
2 Mattias Tedenby 40 1 2 2
Penalty Kill - 3 Players Defense
Defense Defense Time % Phy DF OF
1 Madison Bowey Adam Pelech 60 1 2 2
2 Brett Kulak Ben Betker 40 1 2 2
4 vs 4 Forward
Center Wing Time % Phy DF OF
1 Miikka Salomaki Mattias Tedenby 60 1 2 2
2 Radek Faksa Elias Lindholm 40 1 2 2
4 vs 4 Defense
Defense Defense Time % Phy DF OF
1 Madison Bowey Adam Pelech 60 1 2 2
2 Brett Kulak Ben Betker 40 1 2 2
Last Minutes Offensive
Center Left Wing Right Wing Defense Defense
Radek Faksa Tyler Bertuzzi Miikka Salomaki Madison Bowey Adam Pelech
Last Minutes Defensive
Center Left Wing Right Wing Defense Defense
Radek Faksa Tyler Bertuzzi Miikka Salomaki Madison Bowey Adam Pelech
Goaltenders
Starting : Daniel Altshuller
Backup : Louis Domingue
Extra Forwards
Normal : Michael Joly, Alex Schoenborn, Nicolas Roy - PP : Michael Joly, Alex Schoenborn - PK : Nicolas Roy
Extra Defensemen
Normal : Fredrik Claesson, Noah Juulsen, Connor Clifton - PP : Fredrik Claesson - PK : Noah Juulsen, Connor Clifton
Penalty Shots
Miikka Salomaki, Mattias Tedenby, Radek Faksa, Elias Lindholm, Tyler Bertuzzi
Scratches
Andreas Athanasiou (Broken Bone (Right Arm) Injury)
Sewer Rats
5 vs 5 Forward
Center Left Wing Right Wing Time % Phy DF OF
1 Vincent Trocheck Joseph Blandisi Mark Mancari 40 1 2 2
2 Jonathan Marchessault Anthony Duclair Erik Condra 30 1 2 2
3 Drake Caggiula Michael Dal Colle Dmitrij Jaskin 20 1 2 2
4 Zach Aston-Reese Dominik Kubalik Nick Cousins 10 1 2 2
5 vs 5 Defense
Defense Defense Time % Phy DF OF
1 Stefan Elliott Jarred Tinordi 40 1 2 2
2 Ryan Murphy John Ramage 30 1 2 2
3 Connor Carrick Thomas Chabot 20 1 2 2
4 Xavier Ouellet Jonathan Racine 10 1 2 2
PowerPlay Forward
Center Left Wing Right Wing Time % Phy DF OF
1 Vincent Trocheck Joseph Blandisi Mark Mancari 60 1 2 2
2 Jonathan Marchessault Anthony Duclair Erik Condra 40 1 2 2
PowerPlay Defense
Defense Defense Time % Phy DF OF
1 Stefan Elliott Jarred Tinordi 60 1 2 2
2 Ryan Murphy John Ramage 40 1 2 2
Penalty Kill 4 Players Forward
Center Wing Time % Phy DF OF
1 Vincent Trocheck Mark Mancari 60 1 2 2
2 Jonathan Marchessault Erik Condra 40 1 2 2
Penalty Kill 4 Players Defense
Defense Defense Time % Phy DF OF
1 Stefan Elliott Jarred Tinordi 60 1 2 2
2 Ryan Murphy John Ramage 40 1 2 2
Penalty Kill - 3 Players Forward
Forward Time % Phy DF OF
1 Vincent Trocheck 60 1 2 2
2 Mark Mancari 40 1 2 2
Penalty Kill - 3 Players Defense
Defense Defense Time % Phy DF OF
1 Stefan Elliott Jarred Tinordi 60 1 2 2
2 Ryan Murphy John Ramage 40 1 2 2
4 vs 4 Forward
Center Wing Time % Phy DF OF
1 Vincent Trocheck Mark Mancari 60 1 2 2
2 Jonathan Marchessault Erik Condra 40 1 2 2
4 vs 4 Defense
Defense Defense Time % Phy DF OF
1 Stefan Elliott Jarred Tinordi 60 1 2 2
2 Ryan Murphy John Ramage 40 1 2 2
Last Minutes Offensive
Center Left Wing Right Wing Defense Defense
Vincent Trocheck Joseph Blandisi Mark Mancari Stefan Elliott Jarred Tinordi
Last Minutes Defensive
Center Left Wing Right Wing Defense Defense
Vincent Trocheck Joseph Blandisi Mark Mancari Stefan Elliott Jarred Tinordi
Goaltenders
Starting : Darcy Kuemper
Backup : Marek Mazanek
Extra Forwards
Normal : Jared McCann, Dmitrij Jaskin, Nick Cousins - PP : Jared McCann, Dmitrij Jaskin - PK : Nick Cousins
Extra Defensemen
Normal : Connor Carrick, Thomas Chabot, Xavier Ouellet - PP : Connor Carrick - PK : Thomas Chabot, Xavier Ouellet
Penalty Shots
Vincent Trocheck, Mark Mancari, Jonathan Marchessault, Erik Condra, Dmitrij Jaskin
Scratches
Josh Archibald (Healthy), Tyler Motte (Healthy), Chris Calhan (Healthy), Mark Friedman (Healthy), Matteson Iacopelli (Healthy)
Adin Hill (Healthy), Antoine Bibeau (Healthy)
% Time on Ice - Punishers
Lines # - Real PCT - Wanted PCT - Time Play
Normal Forward
1 - 32% - 40% - 14:46
2 - 26% - 30% - 12:01
3 - 23% - 20% - 10:46
4 - 19% - 10% - 8:50
Normal Defense
1 - 40% - 40% - 18:43
2 - 30% - 30% - 13:44
3 - 19% - 20% - 8:49
4 - 11% - 10% - 5:07
PP Forward
1 - 58% - 60% - 6:45
2 - 42% - 40% - 4:53
PP Defense
1 - 54% - 60% - 6:16
2 - 46% - 40% - 5:22
PK Forward
1 - 64% - 60% - 1:16
2 - 36% - 40% - 0:43
PK Defense
1 - 47% - 60% - 0:56
2 - 53% - 40% - 1:03
PK3 Forward
1 - 0% - 60%
2 - 0% - 40%
PK3 Defense
1 - 0% - 60%
2 - 0% - 40%
44 Forward
1 - 0% - 60%
2 - 0% - 40%
44 Defense
1 - 0% - 60%
2 - 0% - 40%
Last Minute Offensive - 0:00
Last Minute Defensive - 0:00
Total
Forward - 60:00
Defense - 60:00
|
% Time on Ice - Sewer Rats
Lines # - Real PCT - Wanted PCT - Time Play
Normal Forward
1 - 35% - 40% - 16:24
2 - 30% - 30% - 13:59
3 - 23% - 20% - 10:35
4 - 12% - 10% - 5:25
Normal Defense
1 - 37% - 40% - 17:09
2 - 30% - 30% - 13:45
3 - 18% - 20% - 8:30
4 - 15% - 10% - 6:59
PP Forward
1 - 57% - 60% - 1:08
2 - 43% - 40% - 0:51
PP Defense
1 - 58% - 60% - 1:09
2 - 42% - 40% - 0:50
PK Forward
1 - 74% - 60% - 8:35
2 - 26% - 40% - 3:03
PK Defense
1 - 73% - 60% - 8:30
2 - 27% - 40% - 3:08
PK3 Forward
1 - 0% - 60%
2 - 0% - 40%
PK3 Defense
1 - 0% - 60%
2 - 0% - 40%
44 Forward
1 - 0% - 60%
2 - 0% - 40%
44 Defense
1 - 0% - 60%
2 - 0% - 40%
Last Minute Offensive - 0:00
Last Minute Defensive - 0:00
Total
Forward - 60:00
Defense - 60:00
|
Play-by-Play
1st period
0:01 of 1st period - Radek Faksa wins face-off versus Vincent Trocheck in neutral zone.
0:45 of 1st period - Icing by Stefan Elliott.
0:46 of 1st period - John Quenneville wins face-off versus Drake Caggiula in Sewer Rats zone.
1:13 of 1st period - Brett Kulak is hit by Nick Cousins and loses puck.
1:50 of 1st period - Snap shot by Zach Aston-Reese.
1:50 of 1st period - Shot Blocked by Fredrik Claesson.
1:52 of 1st period - Slapshot by Ryan Murphy.
1:52 of 1st period - Deflect By Dominik Kubalik.
1:52 of 1st period - Shot Misses the Net.
1:52 of 1st period - Puck is out of play.
1:53 of 1st period - Radek Faksa wins face-off versus Vincent Trocheck in Punishers zone.
1:58 of 1st period - Slapshot by Radek Faksa.
1:58 of 1st period - Stopped by Darcy Kuemper with a rebound.
2:06 of 1st period - Snap shot by Miikka Salomaki.
2:06 of 1st period - Shot Misses the Net.
2:08 of 1st period - Wrist shot by Connor Clifton.
2:08 of 1st period - Shot Misses the Net.
2:18 of 1st period - Connor Clifton is hit by Anthony Duclair and loses puck.
2:43 of 1st period - Snap shot by Drake Caggiula.
2:43 of 1st period - Stopped by Daniel Altshuller with a rebound.
3:07 of 1st period - Snap shot by Austen Brassard.
3:07 of 1st period - Stopped by Darcy Kuemper with a rebound.
3:13 of 1st period - Minor Penalty to Jarred Tinordi for Interference.
3:14 of 1st period - Vincent Trocheck wins face-off versus Radek Faksa in Sewer Rats zone.
4:28 of 1st period - Mark Mancari is hit by Miikka Salomaki and loses puck.
4:33 of 1st period - Wrist shot by Radek Faksa.
4:33 of 1st period - Shot Blocked by Ryan Murphy.
4:35 of 1st period - Snap shot by Ben Betker.
4:35 of 1st period - Goal by Ben Betker - Punishers : 1 - Sewer Rats : 0.
4:36 of 1st period - Vincent Trocheck wins face-off versus Elias Lindholm in neutral zone.
4:46 of 1st period - Minor Penalty to Nikita Gusev for Tripping.
4:47 of 1st period - Vincent Trocheck wins face-off versus Miikka Salomaki in Punishers zone.
4:55 of 1st period - Icing by Joseph Blandisi.
4:56 of 1st period - Miikka Salomaki wins face-off versus Vincent Trocheck in Sewer Rats zone.
5:11 of 1st period - Snap shot by Joseph Blandisi.
5:11 of 1st period - Shot Misses the Net.
5:49 of 1st period - Mattias Tedenby is hit by Vincent Trocheck and loses puck.
6:06 of 1st period - Ryan Murphy is hit by Radek Faksa and loses puck.
6:46 of 1st period - Penalty to Nikita Gusev is over, Nikita Gusev is back on ice.
8:28 of 1st period - Wrist shot by Nikita Gusev.
8:28 of 1st period - Stopped by Darcy Kuemper with a rebound.
9:38 of 1st period - Nick Cousins is hit by Mattias Tedenby and loses puck.
9:53 of 1st period - Nick Cousins is hit by Adam Pelech and loses puck.
10:01 of 1st period - Snap shot by Daniel Audette.
10:01 of 1st period - Shot Blocked by Xavier Ouellet.
10:03 of 1st period - Wrist shot by Anton Blidh.
10:03 of 1st period - Stopped by Darcy Kuemper with a rebound.
10:17 of 1st period - Snap shot by Radek Faksa.
10:17 of 1st period - Stopped by Darcy Kuemper with a rebound.
10:19 of 1st period - Slapshot by Connor Clifton.
10:19 of 1st period - Shot Blocked by Mark Mancari.
10:21 of 1st period - Wrist shot by Radek Faksa.
10:21 of 1st period - Shot Misses the Net.
10:23 of 1st period - Slapshot by Connor Clifton.
10:23 of 1st period - Shot Blocked by Mark Mancari.
11:34 of 1st period - Snap shot by Miikka Salomaki.
11:34 of 1st period - Stopped by Darcy Kuemper with a rebound.
11:54 of 1st period - Adam Pelech is hit by Erik Condra and loses puck.
12:03 of 1st period - Joseph Cramarossa is hit by Jarred Tinordi.
12:23 of 1st period - Minor Penalty to Stefan Elliott for Tripping.
12:24 of 1st period - Radek Faksa wins face-off versus Vincent Trocheck in Sewer Rats zone.
12:24 of 1st period - Wrist shot by Miikka Salomaki.
12:24 of 1st period - Deflect By Radek Faksa.
12:24 of 1st period - Goal by Radek Faksa - Punishers : 2 - Sewer Rats : 0.
12:25 of 1st period - Vincent Trocheck wins face-off versus Radek Faksa in neutral zone.
12:28 of 1st period - Tyler Bertuzzi is hit by Vincent Trocheck and loses puck.
12:41 of 1st period - Ryan Murphy is hit by Brett Kulak and loses puck.
13:01 of 1st period - Snap shot by Elias Lindholm.
13:01 of 1st period - Shot Misses the Net.
13:13 of 1st period - Jarred Tinordi is hit by John Quenneville.
13:39 of 1st period - Snap shot by Tyler Bertuzzi.
13:39 of 1st period - Shot Misses the Net.
13:41 of 1st period - Slapshot by Radek Faksa.
13:41 of 1st period - Stopped by Darcy Kuemper without a rebound.
13:42 of 1st period - Elias Lindholm wins face-off versus Vincent Trocheck in Sewer Rats zone.
13:48 of 1st period - Off-side.
13:49 of 1st period - Elias Lindholm wins face-off versus Vincent Trocheck in neutral zone.
14:04 of 1st period - Slapshot by Vincent Trocheck.
14:04 of 1st period - Stopped by Daniel Altshuller with a rebound.
14:14 of 1st period - Miikka Salomaki is hit by Erik Condra and loses puck.
14:21 of 1st period - Slapshot by Jonathan Marchessault.
14:21 of 1st period - Stopped by Daniel Altshuller with a rebound.
14:23 of 1st period - Wrist shot by Anthony Duclair.
14:23 of 1st period - Stopped by Daniel Altshuller without a rebound.
14:24 of 1st period - Vincent Trocheck wins face-off versus Radek Faksa in Punishers zone.
14:27 of 1st period - Snap shot by Vincent Trocheck.
14:27 of 1st period - Deflect By Joseph Blandisi.
14:27 of 1st period - Shot Blocked by Tyler Bertuzzi.
14:27 of 1st period - Puck is out of play.
14:28 of 1st period - Mark Mancari wins face-off versus Radek Faksa in Punishers zone.
14:29 of 1st period - Wrist shot by Joseph Blandisi.
14:29 of 1st period - Stopped by Daniel Altshuller without a rebound.
14:30 of 1st period - Joseph Blandisi wins face-off versus Radek Faksa in Punishers zone.
14:41 of 1st period - Backhand shot by Joseph Blandisi.
14:41 of 1st period - Stopped by Daniel Altshuller with a rebound.
14:43 of 1st period - Slapshot by Jarred Tinordi.
14:43 of 1st period - Stopped by Daniel Altshuller with a rebound.
14:45 of 1st period - Slapshot by Stefan Elliott.
14:45 of 1st period - Stopped by Daniel Altshuller with a rebound.
15:03 of 1st period - Snap shot by Mattias Tedenby.
15:03 of 1st period - Stopped by Darcy Kuemper without a rebound.
15:04 of 1st period - Vincent Trocheck wins face-off versus Radek Faksa in Sewer Rats zone.
15:06 of 1st period - Minor Penalty to Joseph Blandisi for Holding.
15:07 of 1st period - Vincent Trocheck wins face-off versus Radek Faksa in Sewer Rats zone.
16:27 of 1st period - Brett Kulak is hit by Jarred Tinordi and loses puck.
17:06 of 1st period - Penalty to Joseph Blandisi is over, Joseph Blandisi is back on ice.
17:09 of 1st period - Jonathan Marchessault is hit by John Quenneville.
18:18 of 1st period - Snap shot by Erik Condra.
18:18 of 1st period - Stopped by Daniel Altshuller with a rebound.
18:20 of 1st period - Slapshot by Connor Carrick.
18:20 of 1st period - Stopped by Daniel Altshuller with a rebound.
18:22 of 1st period - Snap shot by Erik Condra.
18:22 of 1st period - Shot Misses the Net.
18:24 of 1st period - Snap shot by Erik Condra.
18:24 of 1st period - Shot Blocked by Fredrik Claesson.
18:42 of 1st period - Slapshot by Jonathan Marchessault.
18:42 of 1st period - Shot Blocked by Daniel Audette.
19:00 of 1st period - Wrist shot by Jonathan Marchessault.
19:00 of 1st period - Shot Misses the Net.
19:02 of 1st period - Backhand shot by Erik Condra.
19:02 of 1st period - Shot Misses the Net.
19:04 of 1st period - Snap shot by Erik Condra.
19:04 of 1st period - Shot Misses the Net.
19:32 of 1st period - Slapshot by Erik Condra.
19:32 of 1st period - Stopped by Daniel Altshuller without a rebound.
19:33 of 1st period - Radek Faksa wins face-off versus Drake Caggiula in Punishers zone.
Goals for this period are 2 for Punishers vs 0 for Sewer Rats.
Shots for this period are 10 for Punishers vs 11 for Sewer Rats.
2nd period
0:01 of 2nd period - Vincent Trocheck wins face-off versus Tyler Bertuzzi in neutral zone.
0:06 of 2nd period - Wrist shot by Mark Mancari.
0:06 of 2nd period - Deflect By Joseph Blandisi.
0:06 of 2nd period - Shot Misses the Net.
0:06 of 2nd period - Puck is out of play.
0:07 of 2nd period - Vincent Trocheck wins face-off versus Radek Faksa in Punishers zone.
0:12 of 2nd period - Snap shot by Mark Mancari.
0:12 of 2nd period - Stopped by Daniel Altshuller without a rebound.
0:13 of 2nd period - Vincent Trocheck wins face-off versus Radek Faksa in Punishers zone.
0:14 of 2nd period - Slapshot by Joseph Blandisi.
0:14 of 2nd period - Deflect By Mark Mancari.
0:14 of 2nd period - Stopped by Daniel Altshuller without a rebound.
0:15 of 2nd period - Vincent Trocheck wins face-off versus Radek Faksa in Punishers zone.
0:16 of 2nd period - Snap shot by Joseph Blandisi.
0:16 of 2nd period - Shot Misses the Net.
0:18 of 2nd period - Slapshot by Jarred Tinordi.
0:18 of 2nd period - Shot Misses the Net.
0:40 of 2nd period - Erik Condra is hit by Mattias Tedenby and loses puck.
0:47 of 2nd period - Snap shot by Anthony Duclair.
0:47 of 2nd period - Deflect By Adam Pelech.
0:47 of 2nd period - Stopped by Daniel Altshuller without a rebound.
0:48 of 2nd period - Elias Lindholm wins face-off versus Vincent Trocheck in Punishers zone.
1:12 of 2nd period - Off-side.
1:13 of 2nd period - Radek Faksa wins face-off versus Jonathan Marchessault in neutral zone.
1:38 of 2nd period - Mattias Tedenby is hit by Mark Mancari and loses puck.
1:55 of 2nd period - Snap shot by Carter Ashton.
1:55 of 2nd period - Shot Blocked by Jarred Tinordi.
1:57 of 2nd period - Wrist shot by Joseph Cramarossa.
1:57 of 2nd period - Shot Blocked by Stefan Elliott.
2:03 of 2nd period - Slapshot by John Quenneville.
2:03 of 2nd period - Stopped by Darcy Kuemper with a rebound.
2:05 of 2nd period - Wrist shot by Carter Ashton.
2:05 of 2nd period - Shot Misses the Net.
2:17 of 2nd period - Snap shot by Anton Blidh.
2:17 of 2nd period - Shot Blocked by Nick Cousins.
2:19 of 2nd period - Snap shot by Connor Clifton.
2:19 of 2nd period - Shot Misses the Net.
2:23 of 2nd period - Slapshot by Austen Brassard.
2:23 of 2nd period - Stopped by Darcy Kuemper with a rebound.
2:25 of 2nd period - Snap shot by Anton Blidh.
2:25 of 2nd period - Deflect By Austen Brassard.
2:25 of 2nd period - Shot Misses the Net.
2:25 of 2nd period - Puck is out of play.
2:26 of 2nd period - Radek Faksa wins face-off versus Vincent Trocheck in Sewer Rats zone.
2:29 of 2nd period - Snap shot by Miikka Salomaki.
2:29 of 2nd period - Stopped by Darcy Kuemper without a rebound.
2:30 of 2nd period - Radek Faksa wins face-off versus Vincent Trocheck in Sewer Rats zone.
2:35 of 2nd period - Wrist shot by Radek Faksa.
2:35 of 2nd period - Stopped by Darcy Kuemper without a rebound.
2:36 of 2nd period - Radek Faksa wins face-off versus Mark Mancari in Sewer Rats zone.
2:43 of 2nd period - Slapshot by Radek Faksa.
2:43 of 2nd period - Stopped by Darcy Kuemper with a rebound.
2:45 of 2nd period - Snap shot by Miikka Salomaki.
2:45 of 2nd period - Stopped by Darcy Kuemper without a rebound.
2:46 of 2nd period - Vincent Trocheck wins face-off versus Radek Faksa in Sewer Rats zone.
2:46 of 2nd period - Vincent Trocheck is hit by Radek Faksa.
2:52 of 2nd period - Snap shot by Miikka Salomaki.
2:52 of 2nd period - Stopped by Darcy Kuemper with a rebound.
2:54 of 2nd period - Wrist shot by Tyler Bertuzzi.
2:54 of 2nd period - Stopped by Darcy Kuemper without a rebound.
2:55 of 2nd period - Radek Faksa wins face-off versus Vincent Trocheck in Sewer Rats zone.
3:04 of 2nd period - Wrist shot by Vincent Trocheck.
3:04 of 2nd period - Shot Misses the Net.
3:06 of 2nd period - Snap shot by Joseph Blandisi.
3:06 of 2nd period - Goal by Joseph Blandisi - Punishers : 2 - Sewer Rats : 1.
3:07 of 2nd period - Radek Faksa wins face-off versus Vincent Trocheck in neutral zone.
3:10 of 2nd period - Wrist shot by Miikka Salomaki.
3:10 of 2nd period - Stopped by Darcy Kuemper without a rebound.
3:11 of 2nd period - Vincent Trocheck wins face-off versus Radek Faksa in Sewer Rats zone.
3:16 of 2nd period - Wrist shot by Mark Mancari.
3:16 of 2nd period - Deflect By Miikka Salomaki.
3:16 of 2nd period - Shot Blocked by Miikka Salomaki.
3:16 of 2nd period - Puck is out of play.
3:17 of 2nd period - Vincent Trocheck wins face-off versus Radek Faksa in Punishers zone.
3:55 of 2nd period - Slapshot by Mark Mancari.
3:55 of 2nd period - Shot Blocked by Ben Betker.
3:57 of 2nd period - Snap shot by Joseph Blandisi.
3:57 of 2nd period - Goal by Joseph Blandisi - Punishers : 2 - Sewer Rats : 2.
3:58 of 2nd period - Elias Lindholm wins face-off versus Jonathan Marchessault in neutral zone.
4:00 of 2nd period - Off-side.
4:01 of 2nd period - Elias Lindholm wins face-off versus Jonathan Marchessault in neutral zone.
4:10 of 2nd period - Snap shot by Nikita Gusev.
4:10 of 2nd period - Stopped by Darcy Kuemper with a rebound.
4:49 of 2nd period - Snap shot by Madison Bowey.
4:49 of 2nd period - Deflect By Miikka Salomaki.
4:49 of 2nd period - Shot Blocked by Vincent Trocheck.
4:49 of 2nd period - Puck is out of play.
4:50 of 2nd period - Radek Faksa wins face-off versus Vincent Trocheck in Sewer Rats zone.
5:20 of 2nd period - Snap shot by Austen Brassard.
5:20 of 2nd period - Shot Blocked by Joseph Blandisi.
5:24 of 2nd period - Wrist shot by Austen Brassard.
5:24 of 2nd period - Shot Misses the Net.
5:28 of 2nd period - Wrist shot by Anton Blidh.
5:28 of 2nd period - Deflect By Austen Brassard.
5:28 of 2nd period - Shot Misses the Net.
5:28 of 2nd period - Puck is out of play.
5:29 of 2nd period - Radek Faksa wins face-off versus Jonathan Marchessault in Sewer Rats zone.
5:30 of 2nd period - Snap shot by Miikka Salomaki.
5:30 of 2nd period - Shot Misses the Net.
6:01 of 2nd period - Wrist shot by Dmitrij Jaskin.
6:01 of 2nd period - Stopped by Daniel Altshuller without a rebound.
6:02 of 2nd period - Elias Lindholm wins face-off versus Vincent Trocheck in Punishers zone.
6:38 of 2nd period - Wrist shot by Carter Ashton.
6:38 of 2nd period - Shot Misses the Net.
6:40 of 2nd period - Wrist shot by Carter Ashton.
6:40 of 2nd period - Shot Misses the Net.
6:59 of 2nd period - Icing by Madison Bowey.
7:00 of 2nd period - Radek Faksa wins face-off versus Vincent Trocheck in Punishers zone.
7:07 of 2nd period - Wrist shot by Vincent Trocheck.
7:07 of 2nd period - Stopped by Daniel Altshuller without a rebound.
7:08 of 2nd period - Vincent Trocheck wins face-off versus Miikka Salomaki in Punishers zone.
7:20 of 2nd period - Minor Penalty to Jarred Tinordi for Slashing.
7:21 of 2nd period - Vincent Trocheck wins face-off versus Radek Faksa in Sewer Rats zone.
8:15 of 2nd period - Wrist shot by Vincent Trocheck.
8:15 of 2nd period - Shot Misses the Net.
8:21 of 2nd period - Ben Betker is hit by Mark Mancari and loses puck.
8:28 of 2nd period - Slapshot by Brett Kulak.
8:28 of 2nd period - Shot Blocked by Stefan Elliott.
8:30 of 2nd period - Slapshot by Elias Lindholm.
8:30 of 2nd period - Shot Misses the Net.
8:32 of 2nd period - Snap shot by Mattias Tedenby.
8:32 of 2nd period - Shot Blocked by Mark Mancari.
8:34 of 2nd period - Slapshot by Brett Kulak.
8:34 of 2nd period - Deflect By Nikita Gusev.
8:34 of 2nd period - Stopped by Darcy Kuemper with a rebound.
8:38 of 2nd period - Wrist shot by Nikita Gusev.
8:38 of 2nd period - Stopped by Darcy Kuemper with a rebound.
8:40 of 2nd period - Slapshot by Ben Betker.
8:40 of 2nd period - Deflect By Nikita Gusev.
8:40 of 2nd period - Goal by Nikita Gusev - Punishers : 3 - Sewer Rats : 2.
8:41 of 2nd period - Miikka Salomaki wins face-off versus Jonathan Marchessault in neutral zone.
9:19 of 2nd period - Minor Penalty to Ryan Murphy for Hooking.
9:20 of 2nd period - Vincent Trocheck wins face-off versus Radek Faksa in Sewer Rats zone.
10:40 of 2nd period - Wrist shot by Nick Cousins.
10:40 of 2nd period - Stopped by Daniel Altshuller with a rebound.
11:01 of 2nd period - Brett Kulak is hit by Stefan Elliott and loses puck.
11:19 of 2nd period - Penalty to Ryan Murphy is over, Ryan Murphy is back on ice.
11:26 of 2nd period - Xavier Ouellet is hit by John Quenneville and loses puck.
11:35 of 2nd period - Wrist shot by Drake Caggiula.
11:35 of 2nd period - Shot Blocked by Madison Bowey.
11:42 of 2nd period - Icing by Joseph Cramarossa.
11:43 of 2nd period - Daniel Audette wins face-off versus Zach Aston-Reese in Punishers zone.
11:56 of 2nd period - Snap shot by Nick Cousins.
11:56 of 2nd period - Stopped by Daniel Altshuller with a rebound.
11:58 of 2nd period - Slapshot by John Ramage.
11:58 of 2nd period - Stopped by Daniel Altshuller with a rebound.
12:17 of 2nd period - Snap shot by Carter Ashton.
12:17 of 2nd period - Stopped by Darcy Kuemper with a rebound.
12:19 of 2nd period - Snap shot by Adam Pelech.
12:19 of 2nd period - Deflect By John Ramage.
12:19 of 2nd period - Stopped by Darcy Kuemper with a rebound.
12:37 of 2nd period - Slapshot by Vincent Trocheck.
12:37 of 2nd period - Stopped by Daniel Altshuller without a rebound.
12:38 of 2nd period - Radek Faksa wins face-off versus Vincent Trocheck in Punishers zone.
12:43 of 2nd period - Jarred Tinordi is hit by Miikka Salomaki and loses puck.
13:27 of 2nd period - Wrist shot by John Quenneville.
13:27 of 2nd period - Goal by John Quenneville - Punishers : 4 - Sewer Rats : 2.
13:28 of 2nd period - Vincent Trocheck wins face-off versus Radek Faksa in neutral zone.
13:33 of 2nd period - Snap shot by Mark Mancari.
13:33 of 2nd period - Stopped by Daniel Altshuller with a rebound.
13:41 of 2nd period - Wrist shot by Miikka Salomaki.
13:41 of 2nd period - Stopped by Darcy Kuemper without a rebound.
13:42 of 2nd period - Joseph Blandisi wins face-off versus Elias Lindholm in Sewer Rats zone.
13:53 of 2nd period - Wrist shot by Joseph Blandisi.
13:53 of 2nd period - Deflect By Mark Mancari.
13:53 of 2nd period - Stopped by Daniel Altshuller without a rebound.
13:54 of 2nd period - Radek Faksa wins face-off versus Vincent Trocheck in Punishers zone.
13:54 of 2nd period - Radek Faksa is hit by Mark Mancari.
14:22 of 2nd period - Icing by Mattias Tedenby.
14:23 of 2nd period - Elias Lindholm wins face-off versus Drake Caggiula in Punishers zone.
14:50 of 2nd period - Snap shot by Carter Ashton.
14:50 of 2nd period - Shot Misses the Net.
15:30 of 2nd period - Snap shot by Dmitrij Jaskin.
15:30 of 2nd period - Deflect By Michael Dal Colle.
15:30 of 2nd period - Stopped by Daniel Altshuller without a rebound.
15:31 of 2nd period - Vincent Trocheck wins face-off versus Radek Faksa in Punishers zone.
16:27 of 2nd period - Slapshot by Austen Brassard.
16:27 of 2nd period - Shot Misses the Net.
16:29 of 2nd period - Slapshot by Fredrik Claesson.
16:29 of 2nd period - Stopped by Darcy Kuemper with a rebound.
16:31 of 2nd period - Slapshot by Fredrik Claesson.
16:31 of 2nd period - Stopped by Darcy Kuemper with a rebound.
16:33 of 2nd period - Snap shot by Daniel Audette.
16:33 of 2nd period - Stopped by Darcy Kuemper with a rebound.
16:39 of 2nd period - Snap shot by Anton Blidh.
16:39 of 2nd period - Stopped by Darcy Kuemper without a rebound.
16:40 of 2nd period - Jonathan Marchessault wins face-off versus Radek Faksa in Sewer Rats zone.
17:49 of 2nd period - Snap shot by Miikka Salomaki.
17:49 of 2nd period - Shot Misses the Net.
18:35 of 2nd period - Snap shot by John Quenneville.
18:35 of 2nd period - Shot Blocked by Ryan Murphy.
18:41 of 2nd period - Adam Pelech is hit by John Ramage and loses puck.
19:27 of 2nd period - Jarred Tinordi is hit by Nikita Gusev and loses puck.
19:47 of 2nd period - Thomas Chabot is hit by Ben Betker and loses puck.
Goals for this period are 2 for Punishers vs 2 for Sewer Rats.
Shots for this period are 21 for Punishers vs 14 for Sewer Rats.
3rd period
0:01 of 3rd period - Vincent Trocheck wins face-off versus Miikka Salomaki in neutral zone.
0:04 of 3rd period - Snap shot by Stefan Elliott.
0:04 of 3rd period - Shot Blocked by Ben Betker.
0:06 of 3rd period - Snap shot by Mark Mancari.
0:06 of 3rd period - Shot Blocked by Miikka Salomaki.
0:08 of 3rd period - Slapshot by Jarred Tinordi.
0:08 of 3rd period - Shot Blocked by Miikka Salomaki.
0:10 of 3rd period - Slapshot by Vincent Trocheck.
0:10 of 3rd period - Stopped by Daniel Altshuller with a rebound.
0:26 of 3rd period - Jonathan Marchessault is hit by Brett Kulak and loses puck.
0:34 of 3rd period - Minor Penalty to Jarred Tinordi for Elbowing.
0:35 of 3rd period - Vincent Trocheck wins face-off versus Radek Faksa in Sewer Rats zone.
0:35 of 3rd period - Vincent Trocheck is hit by Tyler Bertuzzi.
1:45 of 3rd period - Miikka Salomaki is hit by Erik Condra and loses puck.
2:34 of 3rd period - Penalty to Jarred Tinordi is over, Jarred Tinordi is back on ice.
2:53 of 3rd period - Slapshot by Austen Brassard.
2:53 of 3rd period - Shot Blocked by Jarred Tinordi.
2:55 of 3rd period - Backhand shot by Daniel Audette.
2:55 of 3rd period - Deflect By Jarred Tinordi.
2:55 of 3rd period - Shot Misses the Net.
2:55 of 3rd period - Puck is out of play.
2:56 of 3rd period - John Quenneville wins face-off versus Jonathan Marchessault in Sewer Rats zone.
4:11 of 3rd period - Wrist shot by Radek Faksa.
4:11 of 3rd period - Shot Misses the Net.
4:13 of 3rd period - Snap shot by Tyler Bertuzzi.
4:13 of 3rd period - Deflect By Radek Faksa.
4:13 of 3rd period - Shot Misses the Net.
4:13 of 3rd period - Puck is out of play.
4:14 of 3rd period - Jonathan Marchessault wins face-off versus Radek Faksa in Sewer Rats zone.
5:02 of 3rd period - Wrist shot by Tyler Bertuzzi.
5:02 of 3rd period - Shot Misses the Net.
5:12 of 3rd period - Snap shot by Drake Caggiula.
5:12 of 3rd period - Shot Misses the Net.
5:14 of 3rd period - Snap shot by Dmitrij Jaskin.
5:14 of 3rd period - Shot Blocked by Noah Juulsen.
5:16 of 3rd period - Slapshot by Michael Dal Colle.
5:16 of 3rd period - Stopped by Daniel Altshuller with a rebound.
5:18 of 3rd period - Slapshot by Stefan Elliott.
5:18 of 3rd period - Stopped by Daniel Altshuller without a rebound.
5:19 of 3rd period - Elias Lindholm wins face-off versus Joseph Blandisi in Punishers zone.
5:24 of 3rd period - Slapshot by Nikita Gusev.
5:24 of 3rd period - Stopped by Darcy Kuemper with a rebound.
5:53 of 3rd period - Snap shot by Adam Pelech.
5:53 of 3rd period - Shot Misses the Net.
5:56 of 3rd period - Icing by Jonathan Marchessault.
5:57 of 3rd period - Jonathan Marchessault wins face-off versus Mattias Tedenby in Sewer Rats zone.
6:06 of 3rd period - Wrist shot by Jonathan Marchessault.
6:06 of 3rd period - Shot Blocked by Elias Lindholm.
6:08 of 3rd period - Slapshot by Ryan Murphy.
6:08 of 3rd period - Shot Misses the Net.
6:16 of 3rd period - Anthony Duclair is hit by Nikita Gusev and loses puck.
6:49 of 3rd period - Snap shot by Jonathan Marchessault.
6:49 of 3rd period - Shot Blocked by Adam Pelech.
6:51 of 3rd period - Snap shot by Anthony Duclair.
6:51 of 3rd period - Stopped by Daniel Altshuller with a rebound.
6:53 of 3rd period - Snap shot by Anthony Duclair.
6:53 of 3rd period - Sewer Rats goal is going for a video replay.
6:53 of 3rd period - The goal is refused. The referee deems the play has been stopped, even if he had not physically had the opportunity to stop play by blowing his whistle..
6:54 of 3rd period - Vincent Trocheck wins face-off versus Tyler Bertuzzi in Punishers zone.
6:55 of 3rd period - Wrist shot by Mark Mancari.
6:55 of 3rd period - Stopped by Daniel Altshuller with a rebound.
6:57 of 3rd period - Slapshot by Jarred Tinordi.
6:57 of 3rd period - Stopped by Daniel Altshuller with a rebound.
7:01 of 3rd period - Slapshot by Joseph Blandisi.
7:01 of 3rd period - Shot Misses the Net.
7:03 of 3rd period - Slapshot by Vincent Trocheck.
7:03 of 3rd period - Shot Misses the Net.
7:32 of 3rd period - Wrist shot by John Quenneville.
7:32 of 3rd period - Deflect By Joseph Cramarossa.
7:32 of 3rd period - Shot Misses the Net.
7:32 of 3rd period - Puck is out of play.
7:33 of 3rd period - Radek Faksa wins face-off versus Vincent Trocheck in Sewer Rats zone.
7:39 of 3rd period - Minor Penalty to Vincent Trocheck for Interference.
7:40 of 3rd period - Radek Faksa wins face-off versus Nick Cousins in Sewer Rats zone.
7:46 of 3rd period - Snap shot by Miikka Salomaki.
7:46 of 3rd period - Shot Misses the Net.
7:50 of 3rd period - Snap shot by Tyler Bertuzzi.
7:50 of 3rd period - Shot Blocked by Stefan Elliott.
7:52 of 3rd period - Snap shot by Tyler Bertuzzi.
7:52 of 3rd period - Deflect By Mark Mancari.
7:52 of 3rd period - Stopped by Darcy Kuemper with a rebound.
7:54 of 3rd period - Wrist shot by Miikka Salomaki.
7:54 of 3rd period - Stopped by Darcy Kuemper without a rebound.
7:55 of 3rd period - Radek Faksa wins face-off versus Nick Cousins in Sewer Rats zone.
8:46 of 3rd period - Nikita Gusev is hit by Stefan Elliott and loses puck.
9:39 of 3rd period - Penalty to Vincent Trocheck is over, Vincent Trocheck is back on ice.
9:53 of 3rd period - Snap shot by Nick Cousins.
9:53 of 3rd period - Shot Blocked by Madison Bowey.
9:55 of 3rd period - Wrist shot by Dominik Kubalik.
9:55 of 3rd period - Stopped by Daniel Altshuller with a rebound.
9:57 of 3rd period - Slapshot by Ryan Murphy.
9:57 of 3rd period - Deflect By Nick Cousins.
9:57 of 3rd period - Stopped by Daniel Altshuller with a rebound.
9:59 of 3rd period - Slapshot by John Ramage.
9:59 of 3rd period - Shot Blocked by Adam Pelech.
10:01 of 3rd period - Wrist shot by Dominik Kubalik.
10:01 of 3rd period - Stopped by Daniel Altshuller with a rebound.
10:03 of 3rd period - Slapshot by Vincent Trocheck.
10:03 of 3rd period - Shot Blocked by Adam Pelech.
10:50 of 3rd period - Icing by Carter Ashton.
10:51 of 3rd period - John Quenneville wins face-off versus Erik Condra in Punishers zone.
10:56 of 3rd period - Wrist shot by John Quenneville.
10:56 of 3rd period - Shot Misses the Net.
13:04 of 3rd period - Fredrik Claesson is hit by Jonathan Marchessault and loses puck.
14:49 of 3rd period - Backhand shot by Nick Cousins.
14:49 of 3rd period - Stopped by Daniel Altshuller with a rebound.
14:59 of 3rd period - Drake Caggiula is hit by Fredrik Claesson and loses puck.
15:18 of 3rd period - Miikka Salomaki is hit by Mark Mancari and loses puck.
15:31 of 3rd period - Slapshot by Austen Brassard.
15:31 of 3rd period - Shot Misses the Net.
16:29 of 3rd period - Slapshot by Brett Kulak.
16:29 of 3rd period - Stopped by Darcy Kuemper without a rebound.
16:30 of 3rd period - Zach Aston-Reese wins face-off versus Daniel Audette in Sewer Rats zone.
19:00 of 3rd period - Minor Penalty to Xavier Ouellet for Boarding.
19:01 of 3rd period - Vincent Trocheck wins face-off versus Radek Faksa in Sewer Rats zone.
19:14 of 3rd period - Wrist shot by Miikka Salomaki.
19:14 of 3rd period - Stopped by Darcy Kuemper without a rebound.
19:15 of 3rd period - Vincent Trocheck wins face-off versus Radek Faksa in Sewer Rats zone.
19:15 of 3rd period - Vincent Trocheck is hit by Radek Faksa.
19:21 of 3rd period - Snap shot by Mark Mancari.
19:21 of 3rd period - Stopped by Daniel Altshuller without a rebound.
19:22 of 3rd period - Radek Faksa wins face-off versus Vincent Trocheck in Punishers zone.
Goals for this period are 0 for Punishers vs 0 for Sewer Rats.
Shots for this period are 5 for Punishers vs 12 for Sewer Rats.